 Dungeon Crawl Stone Soup version 0.28.0-45-g0d030f2227 (webtiles) character file.

Game seed: 5138250102017711239

201327 Icepheonix32 the Unseen (level 17, -18/136 HPs)
             Began as a Demonspawn Fighter on Apr 8, 2022.
             Was a Priest of Yredelemnul.
             Shot with a bolt by a naga sharpshooter (31 damage)
             ... on level 4 of the Snake Pit.
             The game lasted 01:44:17 (33297 turns).

Icepheonix32 the Unseen (Demonspawn Fighter)       Turns: 33297, Time: 01:44:17

Health: -18/136    AC: 27    Str: 23    XL:     17   Next: 91%
Magic:  23/28      EV: 32    Int: 24    God:    Yredelemnul [***...]
Gold:   1049       SH: 26    Dex: 36    Spells: 13/16 levels left

rFire   + . .      SeeInvis .   s - +11 dagger "Byneqor" {vorpal, Fly Will- Int+4 Dex+10}
rCold   x . .      Faith    .   r - +3 kite shield of Biyss {Harm}
rNeg    . . .      Spirit   .   b - +4 ring mail of Perfidy {rF+ rC- Int+10 Dex+3}
rPois   .          Reflect  +   t - +2 helmet
rElec   .          Harm     +   D - +2 cloak
rCorr   .          Rampage  .   y - +2 pair of gloves of Elyvilon's Approval {+Blink Str+2 Dex+5 Stlth-}
Will    .....      NoTele   +   l - +2 pair of boots
Stlth   +++++++...              P - amulet of reflection
HPRegen 0.32/turn               m - +4 ring of protection
MPRegen 0.21/turn               e - +4 ring of evasion

@: untranslocatable, poison vulnerable, flying, slowed, very slow
A: hooves 2, demonic guardian 2, ignite blood 2, sturdy frame 3, agile 1, poison
resistance, robust 1
}: 1/15 runes: decaying
a: Renounce Religion, Evoke Blink, Recall Undead Harvest, Dark Bargain


You were on level 4 of the Snake Pit.
You worshipped Yredelemnul.
Yredelemnul was pleased with you.
You visited 5 branches of the dungeon, and saw 29 of its levels.
You also visited: Ossuary, Bailey, Gauntlet and Volcano.

You collected 2749 gold pieces.
You spent 1700 gold pieces at shops.

Inventory:

Hand Weapons
 s - the +11 dagger "Byneqor" (weapon) {vorpal, Fly Will- Int+4 Dex+10}
   (You found it on level 5 of the Dungeon)

   It inflicts extra damage upon your enemies.
   Int:       It affects your intelligence (+4).
   Dex:       It affects your dexterity (+10).
   Fly:       It grants you flight.
   Will:      It decreases your willpower.
 X - the +6 dagger of Patterns {flame, rN+}
   (You found it on level 11 of the Dungeon)

   It burns those it strikes, dealing additional fire damage.
   rN:        It protects you from negative energy.
Missiles
 F - 10 curare-tipped darts (quivered)
 J - 5 silver javelins
 K - 31 boomerangs
 O - 2 throwing nets
Armour
 b - the +4 ring mail of Perfidy (worn) {rF+ rC- Int+10 Dex+3}
   (You bought it in a shop on level 2 of the Snake Pit)

   Int:       It affects your intelligence (+10).
   Dex:       It affects your dexterity (+3).
   rF:        It protects you from fire.
   rC:        It makes you vulnerable to cold.
 d - a +1 buckler of fire resistance
 l - a +2 pair of boots (worn)
 r - the +3 kite shield of Biyss (worn) {Harm}
   (You found it on level 4 of the Lair of Beasts)

   Harm:      It increases damage dealt and taken.
 t - a +2 helmet (worn)
 y - the +2 pair of gloves of Elyvilon's Approval (worn) {+Blink Str+2 Dex+5 Stlth-}
   (You found it in a Gauntlet)

   Str:       It affects your strength (+2).
   Dex:       It affects your dexterity (+5).
   +Blink:    It lets you blink.
   Stlth:     It makes you less stealthy.
 D - a +2 cloak (worn)
 I - a +1 kite shield of positive energy
 N - a +2 scale mail of willpower
Jewellery
 c - an amulet of the acrobat
 e - a +4 ring of evasion (right hand)
 g - a ring of protection from cold
 m - a +4 ring of protection (left hand)
 q - a ring of see invisible
 P - an amulet of reflection (around neck)
Wands
 h - a wand of digging (21)
 A - a wand of iceblast (15)
 B - a wand of acid (8)
 E - a wand of charming (14)
 G - a wand of mindburst (16)
 M - a wand of flame (64)
Scrolls
 f - 4 scrolls of amnesia
 k - 9 scrolls of identify
 n - 5 scrolls of silence
 o - 4 scrolls of immolation
 p - 5 scrolls of teleportation
 w - a scroll of blinking
 x - 8 scrolls of enchant weapon
 z - 4 scrolls of enchant armour
 C - 3 scrolls of torment
 H - 4 scrolls of fog
 Q - a scroll of magic mapping
 Y - 7 scrolls of fear
Potions
 a - a potion of invisibility
 i - 2 potions of might
 j - a potion of resistance
 u - a potion of berserk rage
 v - a potion of heal wounds
 L - 2 potions of cancellation
 R - a potion of magic
 S - 5 potions of haste
 T - a potion of ambrosia
 U - 8 potions of curing
Miscellaneous
 V - a phial of floods
 W - a condenser vane (inert)
 Z - a tin of tremorstones (1/2)


   Skills:
 + Level 8.7 Fighting
 + Level 10.1 Short Blades
 + Level 5.2 Axes
 + Level 5.0 Throwing
 + Level 7.0 Armour
 + Level 12.6 Dodging
 + Level 16.4 Stealth
 * Level 14.4 Shields
 * Level 15.1 Invocations
 + Level 3.3 Evocations


You had 13 spell levels left.
You knew the following spells:

 Your Spells              Type           Power      Damage    Failure   Level
a - Inner Flame           Hex/Fire       0%         N/A       61%         3

Your spell library contained the following spells:

 Spells                   Type           Power      Damage    Failure   Level
 Foxfire                  Conj/Fire      0%         2x1d4     26%         1
 Sting                    Tmut/Pois      0%         1d3       26%         1
 Ensorcelled Hibernation  Hex/Ice        0%         N/A       36%         2
 Passwall                 Tmut/Erth      0%         N/A       36%         2
 Poisonous Vapours        Pois/Air       0%         N/A       36%         2
 Scorch                   Fire           0%         2d5       36%         2
 Static Discharge         Conj/Air       0%         N/A       36%         2
 Conjure Flame            Conj/Fire      0%         6-21      61%         3
 Dazzling Flash           Conj/Hex       0%         N/A       61%         3
 Gell's Gravitas          Tloc           0%         N/A       61%         3
 Spider Form              Tmut/Pois      0%         N/A       61%         3
 Stone Arrow              Conj/Erth      0%         3d7       61%         3
 Summon Guardian Golem    Hex/Summ       0%         N/A       61%         3
 Swiftness                Air            0%         N/A       61%         3
 Teleport Other           Tloc           0%         N/A       61%         3
 Anguish                  Hex/Necr       0%         N/A       95%         4
 Animate Armour           Summ/Erth      0%         N/A       95%         4
 Cause Fear               Hex            0%         N/A       95%         4
 Flame Wave               Conj/Fire      0%         2d4       95%         4
 Olgreb's Toxic Radiance  Pois           0%         N/A       95%         4
 Summon Ice Beast         Ice/Summ       0%         N/A       95%         4
 Agony                    Necr           0%         N/A       100%        5
 Lightning Bolt           Conj/Air       0%         1d11      100%        5
 Silence                  Hex/Air        0%         N/A       100%        5
 Summon Mana Viper        Hex/Summ       0%         N/A       100%        5
 Conjure Ball Lightning   Conj/Air       0%         3x3d6     100%        6
 Dispersal                Tloc           0%         N/A       100%        6
 Summon Cactus Giant      Summ           0%         N/A       100%        6
 Monstrous Menagerie      Summ           0%         N/A       100%        7
 Orb of Destruction       Conj           0%         9d5       100%        7
 Spellforged Servitor     Conj/Summ      0%         N/A       100%        7
 Discord                  Hex            0%         N/A       100%        8
 Disjunction              Tloc           0%         N/A       100%        8
 Lehudib's Crystal Spear  Conj/Erth      0%         10d2      100%        8
 Maxwell's Capacitive Co  Air            0%         ∞         100%        8


Dungeon Overview and Level Annotations

Branches:
Dungeon (13/15)            Temple (0/1) D:7            Lair (6/6) D:8
  Swamp (4/4) Lair:3        Snake (4/4) Lair:2        Slime (0/5) Lair:6
    Orc (2/2) D:9             Elf (0/3) Orc:2       Ossuary (visited)
 Bailey (visited)         Volcano (visited)         Gauntlet (visited)
 Vaults: D:13-14

Altars:
Ashenzari
Dithmenos
Hepliaklqana
Kikubaaqudgha
Qazlal
Ru
Uskayaw
Vehumet
Xom
Yredelemnul
Beogh

Shops:
D:1 ?   D:6 ?   D:10 !   D:11 **   D:13 ?   Orc:1 *   Orc:2 [?([   Snake:2 [(*
Snake:3 [

Annotations:
D:3 2 transporters, sizableburger's ghost, amateur OgAM
D:7 3 runed translucent doors, Malificent's ghost, novice MiWn
Lair:5 exclusion: 3 oklob plants


Innate Abilities, Weirdness & Mutations

You have hoof-like feet.
A demonic guardian rushes to your aid.
Your demonic aura often causes spilled blood to erupt in flames.
Your movements are significantly less encumbered by armour. (ER -6)
You are agile. (Dex +2)
Your system is resistant to poisons. (rPois)
You are robust. (+10% HP)


Message History

Your guardian serpent zombie hits the salamander!
The guardian serpent is engulfed in freezing vapours.
The nagaraja is engulfed in freezing vapours.
The nagaraja hits you with a +0 halberd.
* * * LOW HITPOINT WARNING * * *
The mana viper is engulfed in freezing vapours.
The mana viper seems to slow down.
The nagaraja is engulfed in freezing vapours.
Your naga zombie hits the salamander!
Your naga zombie constricts the salamander.
Unknown command.
Unknown command.
Unknown command.
You feel better.
The nagaraja no longer looks unusually strong.
The anaconda is engulfed in blazing flames.
You kill the anaconda!
The nagaraja is engulfed in freezing vapours.
The nagaraja completely misses you.
The guardian serpent is engulfed in freezing vapours.
The anaconda is engulfed in freezing vapours.
The anaconda seems to slow down.
The salamander hits your guardian serpent zombie with a +0 spear!
Your guardian serpent zombie is engulfed in flames!
Your guardian serpent zombie is destroyed!
Your skeletal warrior hits the salamander with a +3 mace!
The anaconda is engulfed in freezing vapours.
You kill the anaconda!
A black mist starts to gather...
The naga warrior is engulfed in freezing vapours.
The naga warrior closely misses you. You block the naga warrior's attack.
The nagaraja is engulfed in freezing vapours.
You block the nagaraja's attack.
The nagaraja is engulfed in freezing vapours.
The naga sharpshooter is engulfed in freezing vapours.
The naga sharpshooter gestures wildly while chanting.
The naga sharpshooter magically shoots a bolt.
The bolt hits you!!
You die...
Your body rises from the dead as a mindless zombie.

..............#
#######.....##...#
##...))......#....#
#....)).....##....#
#....#########....###########
##..).)).)...###.Z...........
###......§Zz§§##............
########N3§§.#....#####'##
##@SZ.#...##......#
#NN§N§##...#.......#
.ZSN§§Z##....#......##
#§§SN§§§##.....##......#
##§.S####.......########
#§§§§ #.........)..... ...§
##.............. ...⌠
#..............
##.............


You could see a naga warrior, 3 nagarajas, a naga sharpshooter (strong), a
salamander (strong, ally target), an anaconda (slow), 2 mana vipers, a guardian
serpent, a friendly skeletal warrior (summoned), a friendly sun demon
(summoned), a friendly black mamba zombie, a friendly anaconda zombie, a
friendly naga zombie and a friendly naga ritualist zombie.

Vanquished Creatures
  Vashnia (Snake:3)
  Mlioglotl (Swamp:2)
  A tentacled monstrosity (Swamp:3)
  Gastronok (D:9)
  A thorn hunter (Swamp:4)
  3 nagarajas
  Aizul (Snake:1)
  A cacodemon (Gauntlet)
  4 eleionomae
  A minotaur (Gauntlet)
  Azrael (Snake:1)
  A red draconian (Volcano)
  The ghost of Ceyroiss the Quickloader, a journeyman HuWn of Dithmenos (Lair:4)
  5 bunyips
  2 shambling mangroves (Swamp:4)
  2 vault guards (Bailey)
  2 naga warriors
  A centaur warrior (Volcano)
  A ghost crab (Swamp:4)
  22 hydras
  A catoblepas (Lair:6)
  6 alligators
  10 anacondas
  Erica (D:8)
  4 two-headed ogres
  A tengu warrior (D:13)
  15 naga sharpshooters
  2 shock serpents (Snake:1)
  Urug (Lair:4)
  8 death yaks
  A deep troll shaman (Lair:6)
  5 spriggan riders
  4 goliath frogs
  A bunyip zombie (Swamp:3)
  4 naga ritualists
  10 swamp dragons
  2 anaconda zombies (Snake:4)
  2 bog bodies (Swamp:1)
  3 orc knights
  A deep elf pyromancer (D:13)
  10 mana vipers
  A wolf spider zombie (D:7)
  2 orc sorcerers (Orc:2)
  2 will-o-the-wisps (Swamp:4)
  3 manticores
  7 salamanders
  A shock serpent zombie (Snake:4)
  16 elephants
  3 guardian serpents
  26 black mambas
  2 molten gargoyles (Volcano)
  10 naga magi
  8 cane toads
  Maggie (D:8)
  4 gargoyles
  9 rime drakes
  2 hellwings (D:7)
  A swamp worm zombie (Swamp:4)
  14 komodo dragons
  A redback zombie (D:7)
  A yaktaur (Volcano)
  An efreet (Gauntlet)
  A spectral mana viper (Snake:3)
  A bloated husk (Swamp:1)
  3 trolls
  4 blink frogs (Lair:1)
  4 polar bears
  4 tyrant leeches
  10 hornets
  A meliai (shapeshifter) (D:13)
  Prince Ribbit (Bailey)
  4 dream sheep (Lair:6)
  An alligator zombie (Swamp:4)
  Sigmund (D:3)
  6 black mamba zombies
  3 spriggans
  4 wyverns
  A wraith (D:10)
  A shadow (D:10)
  47 yaks
  3 spriggan zombies
  A fire elemental (Gauntlet)
  4 humans (Bailey)
  3 basilisks
  A fire bat (Volcano)
  A vampire (D:13)
  A neqoxec (Gauntlet)
  10 vampire mosquitoes
  3 steam dragons
  3 wargs
  27 nagas
  6 acid dragons
  14 swamp worms
  12 water moccasins
  3 hell hounds
  39 orc warriors
  4 black bears
  2 ice beasts
  A sky beast (D:8)
  6 swamp drakes (Swamp:4)
  A necrophage (D:6)
  5 wolves
  3 elephant zombies
  3 ogres
  A blink frog zombie (Lair:1)
  16 centaurs
  A rime drake zombie (Lair:6)
  A kobold brigand (D:7)
  A gnoll sergeant (D:5)
  A wyvern zombie (D:8)
  23 bullfrogs
  2 scorpions
  6 water moccasin zombies
  A water moccasin skeleton (D:5)
  A warg zombie (Orc:2)
  A troll zombie (D:9)
  3 yak zombies
  6 killer bees
  3 wights (D:7)
  A howler monkey (D:9)
  7 lava snakes (Volcano)
  7 centaur zombies
  4 crimson imps (D:12)
  3 bullfrog zombies
  2 centaur skeletons
  A basilisk zombie (D:13)
  A human zombie (Bailey)
  2 gnoll shamans (D:10)
  A bullfrog skeleton (D:4)
  9 orc priests
  4 hounds
  3 jellies
  2 iguanas
  25 orc wizards
  Terence (D:3)
  A killer bee zombie (D:7)
  10 naga zombies
  A necrophage zombie (D:6)
  2 hound zombies (D:5)
  2 hound skeletons
  2 mummies (Ossuary)
  2 howler monkey zombies (D:9)
  19 gnolls
  7 adders
  2 shadow imps
  A white imp (D:7)
  5 adder zombies (Ossuary)
  A spectral shadow imp (D:7)
  2 worms
  4 dart slugs
  53 orcs
  3 endoplasms
  6 giant cockroaches
  8 gnoll zombies
  8 goblins
  9 hobgoblins
  2 jackals (D:3)
  2 quokkas
  8 ball pythons
  2 bats
  2 frilled lizards (D:2)
  A goblin zombie (D:9)
  A hobgoblin zombie (Ossuary)
  10 kobolds
  5 kobold zombies (Ossuary)
  29 orc zombies
  6 rats
869 creatures vanquished.

Vanquished Creatures (collateral kills)
  2 thorn hunters
  A ghoul (Swamp:1)
  A fire dragon (Lair:6)
  A shambling mangrove (Swamp:4)
  2 naga warriors (Snake:4)
  A hydra (Lair:2)
  2 alligators
  4 anacondas
  A two-headed ogre (D:13)
  4 death yaks
  2 shock serpents
  2 salamander mystics
  A spriggan druid (Swamp:3)
  2 goliath frogs
  A death drake (Swamp:2)
  2 bog bodies (Swamp:1)
  5 naga ritualists
  A lindwurm (Lair:6)
  3 swamp dragons
  An orc knight (Orc:2)
  An orc sorcerer (D:12)
  2 ugly things
  A mana viper (Snake:2)
  2 guardian serpents (Snake:4)
  4 elephants (Lair:6)
  9 black mambas
  Maurice (D:8)
  3 salamanders
  A gargoyle (D:13)
  A torpor snail (Lair:4)
  5 naga magi
  3 cane toads
  A rime drake (Lair:6)
  A polar bear (Lair:1)
  A tyrant leech (Swamp:3)
  3 hornets
  3 blink frogs (Lair:1)
  A meliai zombie (D:7)
  12 yaks
  A vampire (D:12)
  2 spriggans (Swamp:2)
  A basilisk (Lair:6)
  4 fire elementals (Snake:1)
  3 steam dragons (Lair:6)
  A fire bat (Volcano)
  Menkaure (D:7)
  10 vampire mosquitoes
  A warg (D:9)
  6 swamp worms
  3 nagas
  A hell hound (Snake:1)
  6 water moccasins
  2 swamp drakes (Swamp:4)
  An orc warrior (Orc:2)
  A necrophage (Swamp:1)
  2 ogres
  3 wolves
  A centaur (D:12)
  2 bullfrogs
  A gnoll sergeant (D:6)
  4 killer bees
  A howler monkey (D:9)
  2 orc priests (Orc:1)
  2 orc wizards
  A mummy (D:5)
  2 shadow imps (D:7)
  15 orcs
  A goblin (D:9)
  A kobold (D:7)
  A plant (Lair:6)
177 creatures vanquished.

Vanquished Creatures (others)
  A bunyip zombie (Swamp:4)
  3 anaconda zombies
  2 rime drakes (Lair:6)
  2 spectral mana vipers
  5 hydra zombies
  2 bloated husks (Swamp:2)
  2 hornets (Swamp:4)
  A guardian serpent zombie (Snake:4)
  A spriggan (Swamp:4)
  5 black mamba zombies
  3 spriggan zombies (Swamp:2)
  A spectral fire bat (Volcano)
  3 cane toad zombies
  A manticore zombie (D:12)
  3 hornet zombies
  An elephant zombie (Lair:6)
  2 dream sheep zombies (Lair:6)
  10 naga zombies
  4 swamp dragon zombies (Swamp:4)
  6 vampire mosquito zombies
  2 rime drake zombies
  A salamander zombie (Snake:1)
  A wyvern zombie (D:8)
  2 komodo dragon zombies (Lair:6)
  A water moccasin zombie (Lair:6)
  A hell hound zombie (Gauntlet)
  A warg zombie (D:9)
  2 yak zombies
  3 wolf zombies (Lair:6)
  4 centaur zombies
  9 bullfrog zombies
  A killer bee zombie (D:11)
  A spectral crimson imp (D:12)
  3 swamp drake zombies (Swamp:4)
  A lava snake zombie (Volcano)
  A spectral shadow imp (D:7)
  A spectral white imp (D:7)
  An orc (Orc:2)
  7 gnoll zombies
  A goblin zombie (Bailey)
  A hobgoblin zombie (D:9)
  6 kobold zombies (D:7)
  37 orc zombies
  2 foxfires (Swamp:4)
  63 fungi
  75 plants
  15 withered plants (D:7)
301 creatures vanquished.

Grand Total: 1347 creatures vanquished

Notes
Turn   | Place    | Note
-------+----------+-------------------------------------------
     0 | D:1      | Icepheonix32 the Demonspawn Fighter began the quest for the
                  | Orb.
     0 | D:1      | Reached XP level 1. HP: 18/18 MP: 1/1
   100 | D:1      | Gained mutation: A weak demonic guardian rushes to your
                  | aid. [demonic ancestry]
   100 | D:1      | Reached XP level 2. HP: 24/24 MP: 2/2
   131 | D:1      | Found a faded altar of an unknown god.
   516 | D:1      | Found Vuzezudd's Magic Scroll Boutique.
   526 | D:1      | Bought a scroll of identify for 22 gold pieces
   856 | D:2      | Found a sacrificial altar of Ru.
   929 | D:2      | Gained mutation: You have large cloven feet. [demonic
                  | ancestry]
   929 | D:2      | Reached XP level 3. HP: 24/29 MP: 3/3
  1307 | D:3      | Found a stormy altar of Qazlal.
  1308 | D:3      | Noticed an air elemental
  1310 | D:3      | Noticed a fire elemental
  1311 | D:3      | Noticed an earth elemental
  1311 | D:3      | Noticed a water elemental
  1339 | D:3      | Found a shadowy altar of Dithmenos.
  1393 | D:3      | Noticed Terence
  1401 | D:3      | Killed Terence
  1402 | D:3      | Reached XP level 4. HP: 30/35 MP: 4/4
  1580 | D:3      | Noticed a scorpion
  1581 | D:3      | Noticed Sigmund
  1586 | D:3      | Killed a scorpion
  1587 | D:3      | Gained mutation: Your demonic aura sometimes causes spilled
                  | blood to erupt in flames. [demonic ancestry]
  1587 | D:3      | Reached XP level 5. HP: 34/42 MP: 5/5
  1588 | D:3      | Killed Sigmund
  1589 | D:3      | Reached skill level 1 in Dodging
  1589 | D:3      | Reached skill level 1 in Stealth
  1589 | D:3      | Reached XP level 6. HP: 39/48 MP: 6/6
  1756 | D:3      | Found a transporter.
  1758 | D:3      | Noticed sizableburger's ghost (amateur OgAM)
  1808 | D:3      | Found a transporter.
  2323 | D:4      | Reached XP level 7. HP: 54/55 MP: 7/7
  2603 | D:4      | Found a broken altar of Ashenzari.
  2604 | D:4      | Found a basalt altar of Yredelemnul.
  2606 | D:4      | Found a hide-covered altar of Uskayaw.
  2625 | D:4      | Became a worshipper of Yredelemnul the Dark
  3305 | D:4      | Found a hazy altar of Hepliaklqana.
  3334 | D:5      | Entered Level 5 of the Dungeon
  3365 | D:5      | Reached * piety under Yredelemnul
  3401 | D:5      | Reached skill level 5 in Fighting
  3455 | D:5      | Found a sand-covered staircase.
  3464 | Ossuary  | Entered an ossuary
  3657 | Ossuary  | Reached skill level 5 in Armour
  3657 | Ossuary  | Gained mutation: Your movements are slightly less
                  | encumbered by armour. (ER -2) [demonic ancestry]
  3657 | Ossuary  | Reached XP level 8. HP: 39/62 MP: 8/8
  3875 | Ossuary  | Reached skill level 5 in Axes
  3936 | D:5      | Gained mutation: Your muscles are strong. (Str +2) [potion
                  | of mutation]
  3936 | D:5      | Gained mutation: You possess an exceptional clarity of
                  | mind. [potion of mutation]
  3937 | D:5      | HP: 3/93 [poisoned by a gnoll]
  4404 | D:5      | Identified the +11 dagger "Byneqor" {vorpal, Fly Will-
                  | Int+4 Dex+10}
  4457 | D:5      | Reached skill level 1 in Throwing
  4964 | D:5      | Reached skill level 1 in Invocations
  5126 | D:6      | Reached skill level 1 in Short Blades
  5199 | D:6      | Found Kig Izxiar's Magic Scroll Emporium.
  5334 | D:1      | Bought a scroll of magic mapping for 38 gold pieces
  5334 | D:1      | Bought a scroll of identify for 22 gold pieces
  5334 | D:1      | Bought a scroll of enchant armour for 82 gold pieces
  5334 | D:1      | Bought a scroll of enchant weapon for 82 gold pieces
  5708 | D:6      | Reached ** piety under Yredelemnul
  5880 | D:6      | Reached skill level 2 in Stealth
  5880 | D:6      | Reached XP level 9. HP: 69/69 MP: 11/11
  6164 | D:6      | Found an ancient bone altar of Kikubaaqudgha.
  6297 | D:7      | Found a runed translucent gate.
  6298 | D:7      | Found a runed translucent gate.
  6299 | D:7      | Found a runed translucent gate.
  6300 | D:7      | Noticed Malificent's ghost (novice MiWn)
  6302 | D:7      | Noticed a kobold demonologist
  6342 | D:7      | Found a staircase to the Ecumenical Temple.
  6417 | D:7      | Noticed Menkaure
  6426 | D:7      | Killed Menkaure
  6921 | D:7      | Noticed a hellwing
  6939 | D:7      | Reached skill level 3 in Stealth
  6983 | D:7      | Killed a hellwing
  6999 | D:7      | Reached skill level 5 in Invocations
  7009 | D:7      | Gained mutation: A demonic guardian rushes to your aid.
                  | [demonic ancestry]
  7009 | D:7      | Reached XP level 10. HP: 8/77 MP: 12/14
  7010 | D:7      | Reached skill level 4 in Stealth
  7125 | D:7      | Reached skill level 5 in Shields
  7453 | D:7      | Identified the +4 spear "Seket" {freeze, rElec rPois Will+}
  8135 | D:8      | Reached skill level 1 in Evocations
  8146 | D:8      | Reached *** piety under Yredelemnul
  8147 | D:8      | Reached skill level 5 in Dodging
  8153 | D:8      | Found a staircase to the Lair.
  8211 | D:8      | Noticed Maurice
  8216 | D:8      | Reached skill level 5 in Stealth
  8223 | D:8      | Killed Maurice
  8436 | D:8      | Gained mutation: You have hoof-like feet. [demonic
                  | ancestry]
  8436 | D:8      | Reached XP level 11. HP: 67/83 MP: 16/16
  8861 | D:8      | Found a radiant altar of Vehumet.
  8888 | D:8      | Noticed Maggie
  8895 | D:8      | Killed Maggie
  8896 | D:8      | Reached skill level 5 in Short Blades
  9112 | D:8      | Noticed Erica
  9116 | D:8      | Killed Erica
  9117 | D:8      | Reached skill level 6 in Stealth
  9509 | D:9      | Found a flagged portal.
  9518 | Bailey   | Entered a bailey
  9698 | Bailey   | Noticed Prince Ribbit
  9698 | Bailey   | Noticed a vault guard
  9704 | Bailey   | Killed Prince Ribbit
  9738 | Bailey   | Killed a vault guard
 10150 | Bailey   | Noticed a vault guard
 10179 | Bailey   | Killed a vault guard
 10386 | D:9      | Found a staircase to the Orcish Mines.
 11128 | D:9      | Noticed Gastronok
 11147 | D:9      | Killed Gastronok
 11148 | D:9      | Reached skill level 7 in Stealth
 11508 | D:10     | Entered Level 10 of the Dungeon
 11585 | D:10     | Noticed a two-headed ogre
 11595 | D:10     | Killed a two-headed ogre
 11838 | D:10     | Gained mutation: Your movements are less encumbered by
                  | armour. (ER -4) [demonic ancestry]
 11838 | D:10     | Reached XP level 12. HP: 80/91 MP: 18/18
 11838 | D:10     | Noticed a two-headed ogre
 11848 | D:10     | Killed a two-headed ogre
 12267 | D:10     | Found Udghun's Distillery.
 12277 | D:10     | Bought a potion of degeneration for 12 gold pieces
 12277 | D:10     | Bought a potion of curing for 36 gold pieces
 12277 | D:10     | Bought a potion of flight for 36 gold pieces
 12277 | D:10     | Bought a potion of haste for 120 gold pieces
 12640 | D:11     | Noticed a five-headed hydra
 12647 | D:11     | Killed a five-headed hydra
 12648 | D:11     | Reached skill level 8 in Stealth
 12676 | D:11     | Identified the +6 dagger of Patterns {flame, rN+}
 12896 | D:11     | Noticed a two-headed ogre
 12900 | D:11     | Killed a two-headed ogre
 13160 | D:11     | Found Sijelycy's General Store.
 13165 | D:11     | Bought a potion of curing for 39 gold pieces
 13165 | D:11     | Bought a scroll of teleportation for 39 gold pieces
 13185 | D:11     | Found Hociufeimi's General Store.
 13188 | D:11     | Bought a potion of heal wounds for 65 gold pieces
 13326 | D:11     | Reached skill level 9 in Stealth
 13787 | D:12     | Found a shimmering altar of Xom.
 13830 | D:12     | Reached skill level 10 in Stealth
 14089 | D:12     | Reached skill level 11 in Stealth
 14612 | D:13     | Noticed a tengu warrior
 14616 | D:13     | Killed a tengu warrior
 14800 | D:13     | Reached skill level 12 in Stealth
 14816 | D:13     | Noticed a five-headed hydra
 14824 | D:13     | Killed a five-headed hydra
 14929 | D:13     | Noticed a five-headed hydra
 14936 | D:13     | Killed a five-headed hydra
 15026 | D:13     | Noticed a two-headed ogre
 15038 | D:13     | Killed a two-headed ogre
 15039 | D:13     | Reached XP level 13. HP: 81/96 MP: 19/19
 15552 | D:13     | Found Ossuw's Magic Scroll Shoppe.
 15713 | Lair:1   | Entered Level 1 of the Lair of Beasts
 15818 | Lair:1   | Reached skill level 13 in Stealth
 16940 | Lair:2   | Found a staircase to the Snake Pit.
 17020 | Lair:2   | Reached **** piety under Yredelemnul
 17020 | Lair:2   | Reached ***** piety under Yredelemnul
 17538 | Lair:3   | Found a dark tunnel.
 17548 | Volcano  | Entered a volcano
 17825 | Volcano  | Found a burning altar of Makhleb.
 18007 | Volcano  | Noticed a red draconian
 18025 | Volcano  | Killed a red draconian
 18375 | Volcano  | Reached skill level 10 in Invocations
 18613 | Volcano  | Learned a level 3 spell: Inner Flame
 18685 | Lair:3   | Found a staircase to the Swamp.
 19085 | Lair:3   | Reached ****** piety under Yredelemnul
 19085 | Lair:3   | Reached XP level 14. HP: 104/104 MP: 21/21
 19444 | Lair:4   | Reached skill level 14 in Stealth
 19518 | Lair:4   | Found a gate leading to a gauntlet.
 19543 | Gauntlet | Entered a Gauntlet
 19543 | Gauntlet | Found a transporter.
 19543 | Gauntlet | Found a transporter.
 19543 | Gauntlet | Found a transporter.
 19549 | Gauntlet | Found a transporter.
 19557 | Gauntlet | Found a transporter.
 19559 | Gauntlet | Noticed a cacodemon
 19573 | Gauntlet | Found a transporter.
 19580 | Gauntlet | Found a transporter.
 19599 | Gauntlet | Found a transporter.
 19607 | Gauntlet | Found a transporter.
 19625 | Gauntlet | Found a transporter.
 19667 | Gauntlet | Found a transporter.
 19679 | Gauntlet | Found a transporter.
 19864 | Gauntlet | Identified the +2 pair of gloves of Elyvilon's Approval
                  | {+Blink Str+2 Dex+5 Stlth-}
 19904 | Gauntlet | Gained mutation: Your body sometimes deteriorates upon
                  | taking damage. [a neqoxec]
 19917 | Gauntlet | Gained mutation: Your spells are a little easier to cast,
                  | but a little less powerful. [a neqoxec]
 19930 | Gauntlet | Gained mutation: Your body often deteriorates upon taking
                  | damage. [a cacodemon]
 19940 | Gauntlet | Lost mutation: You possess an exceptional clarity of mind.
                  | [a cacodemon]
 19944 | Gauntlet | Gained mutation: Your muscles are very strong. (Str +4) [a
                  | cacodemon]
 19946 | Gauntlet | Killed a cacodemon
 20514 | Lair:4   | Noticed Urug
 20530 | Lair:4   | Killed Urug
 20686 | Lair:4   | Found a runed translucent door.
 20686 | Lair:4   | Noticed Ceyroiss's ghost (journeyman HuWn)
 20726 | Lair:4   | Killed Ceyroiss's ghost
 20755 | Lair:4   | Identified the +3 kite shield of Biyss {Harm}
 22064 | Lair:6   | Entered Level 6 of the Lair of Beasts
 22931 | Lair:6   | Identified the +0 ring mail of Fot Hept {rC- rN++}
 22962 | Lair:6   | Reached skill level 10 in Dodging
 22968 | Lair:6   | Gained mutation: Your demonic aura often causes spilled
                  | blood to erupt in flames. [demonic ancestry]
 22968 | Lair:6   | Reached XP level 15. HP: 110/110 MP: 18/23
 23176 | Lair:6   | Found a staircase to the Slime Pits.
 23388 | Lair:6   | Reached skill level 15 in Stealth
 23841 | Orc:1    | Entered Level 1 of the Orcish Mines
 23841 | Orc:1    | Found Mawkunk's Assorted Antiques.
 24116 | Orc:1    | Lost mutation: Your muscles are very strong. (Str +4)
                  | [potion of mutation]
 24116 | Orc:1    | Lost mutation: Your body often deteriorates upon taking
                  | damage. [potion of mutation]
 24116 | Orc:1    | Lost mutation: Your body sometimes deteriorates upon taking
                  | damage. [potion of mutation]
 24116 | Orc:1    | Gained mutation: You are dopey. (Int -2) [potion of
                  | mutation]
 24116 | Orc:1    | Gained mutation: You are agile. (Dex +2) [potion of
                  | mutation]
 24116 | Orc:1    | Lost mutation: You are agile. (Dex +2) [potion of mutation]
 24117 | Orc:1    | Lost mutation: Your spells are a little easier to cast, but
                  | a little less powerful. [potion of mutation]
 24117 | Orc:1    | Lost mutation: You are dopey. (Int -2) [potion of mutation]
 24117 | Orc:1    | Lost mutation: Your muscles are strong. (Str +2) [potion of
                  | mutation]
 24117 | Orc:1    | Gained mutation: You have sharp fingernails. [potion of
                  | mutation]
 24117 | Orc:1    | Gained mutation: You have a pair of small antennae on your
                  | head. [potion of mutation]
 24117 | Orc:1    | Lost mutation: You have sharp fingernails. [potion of
                  | mutation]
 24117 | Orc:1    | Gained mutation: You possess an exceptional clarity of
                  | mind. [potion of mutation]
 24118 | Orc:1    | Lost mutation: You possess an exceptional clarity of mind.
                  | [potion of mutation]
 24118 | Orc:1    | Lost mutation: You have a pair of small antennae on your
                  | head. [potion of mutation]
 24118 | Orc:1    | Gained mutation: You occasionally shout uncontrollably at
                  | your foes. [potion of mutation]
 24118 | Orc:1    | Gained mutation: Your flesh is cold resistant. (rC+)
                  | [potion of mutation]
 24118 | Orc:1    | Gained mutation: You are weak. (Str -2) [potion of
                  | mutation]
 24119 | Orc:1    | Lost mutation: You occasionally shout uncontrollably at
                  | your foes. [potion of mutation]
 24119 | Orc:1    | Lost mutation: You are weak. (Str -2) [potion of mutation]
 24119 | Orc:1    | Lost mutation: Your flesh is cold resistant. (rC+) [potion
                  | of mutation]
 24119 | Orc:1    | Gained mutation: You expend magic power (3 MP) to
                  | strengthen your wands. [potion of mutation]
 24119 | Orc:1    | Gained mutation: Your spells are a little easier to cast,
                  | but a little less powerful. [potion of mutation]
 24119 | Orc:1    | Gained mutation: You possess an exceptional clarity of
                  | mind. [potion of mutation]
 24120 | Orc:1    | Lost mutation: Your spells are a little easier to cast, but
                  | a little less powerful. [potion of mutation]
 24120 | Orc:1    | Lost mutation: You possess an exceptional clarity of mind.
                  | [potion of mutation]
 24120 | Orc:1    | Lost mutation: You expend magic power (3 MP) to strengthen
                  | your wands. [potion of mutation]
 24120 | Orc:1    | Gained mutation: You are robust. (+10% HP) [potion of
                  | mutation]
 24120 | Orc:1    | Gained mutation: You are agile. (Dex +2) [potion of
                  | mutation]
 24120 | Orc:1    | Gained mutation: Your system is resistant to poisons.
                  | (rPois) [potion of mutation]
 24443 | Orc:2    | Entered Level 2 of the Orcish Mines
 24610 | Orc:2    | Found a staircase to the Elven Halls.
 24941 | Orc:2    | Found Xiucuzes's Antique Weapon Emporium.
 24941 | Orc:2    | Found Kiphazir's Magic Scroll Boutique.
 24941 | Orc:2    | Found Wocliz's Antique Armour Shop.
 24956 | Orc:2    | Found Dabudeus's Armour Shoppe.
 25812 | Swamp:1  | Entered Level 1 of the Swamp
 25838 | Swamp:1  | Reached skill level 10 in Shields
 26912 | Swamp:2  | Noticed Mlioglotl
 26916 | Swamp:2  | Noticed a bone dragon
 26934 | Swamp:2  | Killed Mlioglotl
 27250 | Swamp:3  | Noticed a tentacled monstrosity
 27267 | Swamp:3  | Killed a tentacled monstrosity
 27322 | Swamp:3  | Reached XP level 16. HP: 86/128 MP: 25/25
 27510 | Swamp:3  | Noticed a thorn hunter
 27521 | Swamp:3  | Killed a thorn hunter
 27900 | Swamp:4  | Entered Level 4 of the Swamp
 28534 | Swamp:4  | Noticed a thorn hunter
 28947 | Swamp:4  | Noticed a thorn hunter
 29272 | Swamp:4  | Killed a thorn hunter
 29309 | Swamp:4  | Reached skill level 5 in Throwing
 29337 | Swamp:4  | Reached skill level 16 in Stealth
 29406 | Swamp:4  | Killed a thorn hunter
 29644 | Swamp:4  | Got a decaying rune of Zot
 29787 | Snake:1  | Entered Level 1 of the Snake Pit
 30309 | Snake:1  | Noticed Aizul
 30323 | Snake:1  | Killed Aizul
 30343 | Snake:1  | Noticed Azrael
 30354 | Snake:1  | Killed Azrael
 30718 | Snake:2  | Found Dexinu's Armour Boutique.
 30724 | Snake:2  | Found Bowk's Antique Weapon Shop.
 30726 | Snake:2  | Found Hyxkasiph's General Store.
 30741 | Snake:2  | Identified the +2 leather armour of Quantum Leap {rCorr
                  | MP+9 Str+4}
 30754 | Snake:2  | Bought the +4 ring mail of Perfidy {rF+ rC- Int+10 Dex+3}
                  | for 1107 gold pieces
 30897 | Snake:2  | Gained mutation: Your movements are significantly less
                  | encumbered by armour. (ER -6) [demonic ancestry]
 30897 | Snake:2  | Reached XP level 17. HP: 117/136 MP: 27/27
 31979 | Snake:3  | Found Kifug's Armour Boutique.
 32065 | Snake:3  | Noticed Vashnia
 32105 | Snake:3  | Killed Vashnia
 32270 | Snake:3  | Reached skill level 10 in Short Blades
 32732 | Snake:4  | Entered Level 4 of the Snake Pit
 33267 | Snake:4  | Reached skill level 15 in Invocations
 33296 | Snake:4  | HP: 4/136 [naga warrior/+1 dire flail of distortion (4)]
 33297 | Snake:4  | Shot with a bolt by a naga sharpshooter

Illustrated notes

Levels and vault maps discovered:
D:1:      erik_arrival_orb_chamber, layout_loops_ring, serial_shops,
          nicolae_shop_hallway_stairs, chequers_ecumenical_altar_simple_redux
D:2:      layout_rooms, basic_altar, minmay_misc_feat_ornament
D:3:      layout_basic, nicolae_qazlal_style_of_elements,
          nicolae_dithmenos_shadow_blocks, gammafunk_ghost_stat_death,
          uniq_terence, uniq_sigmund
D:4:      layout_basic, chequers_temple_overflow_statue_of_worship,
          worldfamousw_hep_ancestral_shrine
D:5:      layout_basic, gup_ossuary_entry_pyramid
D:6:      layout_loops_ring, kiku_gazebo_garden_becter, serial_shops,
          nicolae_shop_statue_plus, glass_columns_a
D:7:      cheibrodos_grave_circle, layout_loops_corners,
          minmay_temple_entry_tees, gammafunk_ghost_nasty_kobolds,
          grunt_decor_junction, minivault_27, minmay_misc_feat_hallway,
          dk_noncrumbling_3, uniq_menkaure
D:8:      layout_loops_corners, mainiacjoe_overflow_alcove_1,
          minmay_lair_entry_grove, kennysheep_donut,
          minmay_misc_feat_four_crosses, uniq_maggie, uniq_erica, uniq_maurice
D:9:      layout_roguey, erik_orc_4, enter_bailey_3, uniq_gastronok
D:10:     layout_long_grid, serial_shops, shop
D:11:     layout_basic, serial_shops, shop_statue, nicolae_shop_hallway_plus,
          kennysheep_generic_room_6
D:12:     layout_roguey, led_xom_imps
D:13:     layout_roguey, serial_shops, nicolae_lakefront_shop,
          serial_park_tiny_1
Lair:1:   layout_roguey, lemuel_fruit_tree
Lair:2:   layout_cave_pods, guppyfry_snake_entry_island
Lair:3:   layout_cave_shapes, swamp_mist, nicolae_volcano_entry_two_sided,
          st_stairs_8
Lair:4:   layout_small_grid, gauntlet_entry_generic, gammafunk_ghost_grave,
          minivault_27, grunt_megastairs_5, infiniplex_staircase_pool, uniq_urug
Lair:5:   wander_river, layout_concentric_octagons, dpeg_oklob_1
Lair:6:   grunt_lair_end_beastmaster, layout_regular_city,
          dpeg_slime_entry_corner, bobbens_dragon_lair_wall
Swamp:1:  layout_basic_swamp, serial_swamp_ruin, evilmike_swamp_ruin_house_6,
          hangedman_swamp_ruin_wall, infiniplex_staircase_pool_2
Swamp:2:  layout_basic_swamp, evilmike_swamp_ruin_house_4, swamp_pool3,
          nicolae_swamp_round_clearing, uniq_mlioglotl
Swamp:3:  layout_basic_swamp, hangedman_swamp_ruin_hall
Swamp:4:  swamp, layout_basic_swamp
Snake:1:  layout_honeycomb, uniq_aizul, uniq_azrael
Snake:2:  layout_rooms, minmay_shop_star
Snake:3:  layout_gridlike, serial_shops, nicolae_lakefront_shop, uniq_vashnia
Snake:4:  grunt_snake_rune_serpentine_throne, layout_cave_town,
          nicolae_snake_coiling_death
Orc:1:    layout_caves, serial_shops, shop
Orc:2:    st_orc_rangers, layout_diamond_mine, basic_altar,
          guppyfry_library_mini

Skill      XL: |  1  2  3  4  5  6  7  8  9 10 11 12 13 14 15 16 17 |
---------------+----------------------------------------------------+-----
Axes           | 2 4 5 |  5.2
Armour         | 3 4 5 6 7 |  7.0
Shields        | 3 4 5 6 7 9 10 12 14 | 14.4
Fighting       | 4 5 6 7 8 |  8.7
Dodging        | 1 3 4 5 7 8 10 11 12 | 12.6
Stealth        | 1 2 3 5 7 12 13 14 15 16 | 16.4
Throwing       | 1 2 3 4 5 |  5.0
Invocations    | 3 5 6 8 10 11 12 14 15 | 15.1
Short Blades   | 2 4 5 6 7 8 9 10 | 10.1
Evocations     | 1 2 3 |  3.3

Action                   |  1- 3 |  4- 6 |  7- 9 | 10-12 | 13-15 | 16-18 || total
-------------------------+-------+-------+-------+-------+-------+-------++-------
Melee: War axe           |    86 |    51 |   160 |       |       |       ||   297
       Dagger            |       |       |   174 |   548 |  1237 |   582 ||  2541
Throw: Javelin           |     1 |     2 |    16 |     3 |       |       ||    22
       Dart              |       |       |       |    21 |    18 |     4 ||    43
       Boomerang         |       |       |       |     2 |    13 |    18 ||    33
Invok: Dark Bargain      |       |       |       |     3 |    16 |     6 ||    25
       Recall Undead Har |       |       |       |       |     4 |     9 ||    13
       Stop Recall       |       |       |       |       |       |     1 ||     1
       Drain Life        |       |       |       |       |       |     2 ||     2
Evoke: Wand              |       |       |       |     9 |    17 |    15 ||    41
       Tin of tremorston |       |       |       |       |       |     3 ||     3
       Condenser vane    |       |       |       |       |       |     3 ||     3
  Use: Scroll            |     2 |       |     5 |    12 |     2 |    11 ||    32
       Potion            |       |     1 |    12 |     3 |     7 |     5 ||    28
 Stab: Distracted        |       |       |     1 |     2 |    35 |    16 ||    54
       Sleeping          |       |       |     2 |    20 |    37 |    22 ||    81
       Confused          |       |       |       |       |       |     2 ||     2
       Paralysed         |       |       |       |       |       |     1 ||     1
Armor: Scale mail        |    36 |    27 |    96 |    30 |    37 |    12 ||   238
       Skin              |       |       |    26 |       |       |       ||    26
       Ring mail         |       |       |    15 |     8 |   154 |    74 ||   251
       Steam dragon scal |       |       |       |    27 |       |       ||    27
Dodge: Dodged            |    41 |    22 |   155 |   237 |   882 |   470 ||  1807
Block: Buckler           |    19 |    13 |    84 |   247 |   572 |    90 ||  1025
       Reflection        |       |       |       |     3 |     3 |    70 ||    76
       Kite shield       |       |       |       |       |       |   474 ||   474
